 Dungeon Crawl Stone Soup version 0.20.1-1-g8b1a95d (webtiles) character file.

476 JackS81 the Frost Mage (level 7, -3/46 HPs)
             Began as a Merfolk Ice Elementalist on Aug 22, 2017.
             Slain by a killer bee (12 damage)
             ... on level 7 of the Dungeon.
             The game lasted 00:28:07 (3229 turns).

JackS81 the Frost Mage (Merfolk Ice Elementalist)   Turns: 3229, Time: 00:28:07

Health: -3/46      AC:  2    Str:  6 (8)  XL:     7   Next: 10%
Magic:  5/10       EV: 13    Int: 19 (21) God:
Gold:   170        SH:  0    Dex: 13 (15) Spells: 3/10 levels left

rFire    . . .     SeeInvis .   l - +0 hunting sling
rCold    . . .     Gourm    .   (no shield)
rNeg     . . .     Faith    .   a - +0 robe
rPois    +         Spirit   .   (no helmet)
rElec    .         Reflect  .   (no cloak)
rCorr    .         Harm     +   (no gloves)
MR       .....                  (no boots)
Stlth    ++........             q - amulet of harm
Regen    0.6/turn               j - ring of flight
MPRegen  0.2/turn               (no ring)

@: brilliant, lethally poisoned (-3 -> -3), flying, very slightly contaminated
A: change form in water, swift swim, stealthy swim, poison resistance,
regeneration 1
a: no special abilities


You were on level 7 of the Dungeon.
You were not hungry.

You visited 1 branch of the dungeon, and saw 5 of its levels.

You collected 170 gold pieces.

Inventory:

Hand Weapons
 e - a +0 mace
 h - a +2 whip of pain
 l - a +0 hunting sling (weapon)
 v - a +1 dagger of speed
 y - a +2 dagger of venom
Missiles
 f - 4 tomahawks of returning
 g - 48 bolts
 o - 19 poisoned needles
 s - 16 arrows
 w - 27 sling bullets (quivered)
Armour
 a - a +0 robe (worn)
Jewellery
 j - a ring of flight (left hand)
 p - a +3 amulet of reflection {unknown}
 q - an amulet of harm (around neck)
 t - a cursed amulet of inaccuracy {unknown}
Wands
 B - a wand of iceblast (4/15)
Scrolls
 i - 2 scrolls of identify {unknown}
 m - a scroll of remove curse {unknown}
 n - a scroll of magic mapping {unknown}
 r - a scroll of noise {unknown}
Potions
 z - a potion of brilliance
 A - a potion of mutation
Books
 b - a book of Frost

   Spells                             Type                      Level
   a - Freeze                         Ice                          1
   b - Throw Frost                    Conjuration/Ice              2
   c - Ozocubu's Armour               Charms/Ice                   3
   d - Throw Icicle                   Conjuration/Ice              4
   e - Summon Ice Beast               Ice/Summoning                4
Comestibles
 c - a bread ration
 d - 2 fruits
 C - 4 chunks of flesh


   Skills:
 - Level 2.6 Dodging
 - Level 2.1 Stealth
 + Level 2.3 Spellcasting
 + Level 1.1 Conjurations
 + Level 1.1 Summonings
 + Level 8.2 Ice Magic


You had 3 spell levels left.
You knew the following spells:

 Your Spells              Type           Power        Failure   Level  Hunger
a - Freeze                Ice            ####         1%          1    #......
b - Throw Frost           Conj/Ice       ####..       1%          2    ##.....
c - Summon Ice Beast      Ice/Summ       ####....     3%          4    #####..


Dungeon Overview and Level Annotations

Branches:
Dungeon (7/15)
 Temple: D:4-7

Altars:
Hepliaklqana

Annotations:
D:7 Glitchraptor's ghost, novice MiFi


Innate Abilities, Weirdness & Mutations

You revert to your normal form in water.
You are very nimble and swift while swimming.
You are very stealthy in the water. (Stealth+)
Your system is resistant to poisons. (rPois)
Your natural rate of healing is unusually fast.


Message History

You fly up into the air.
You feel sick. The killer bee stings you.
* * * LOW HITPOINT WARNING * * *
The killer bee completely misses you.
Casting: Summon Ice Beast
Confirm with . or Enter, or press ? or * to list all spells.
A chill wind blows around you.
You feel yourself slow down. The killer bee stings you.
* * * LOW HITPOINT WARNING * * *
The gnoll closely misses your ice beast.
Okay, then.
Casting: Summon Ice Beast
Confirm with . or Enter, or press ? or * to list all spells.
Aiming: Freeze
Press: ? - help, Shift-Dir - straight line, f - killer bee
Aim: a killer bee You freeze the killer bee.
The killer bee is moderately wounded.
You feel sick. The killer bee stings you!
You die...

#.
#..........#
#..
#..........#
#...
####W.##...#
#...######g.#
...#
#...........#
..#
#........g..#
.#
..###..##..#
##g#########
#.Yy@.......
#...#.......
#+####..##..
###


You could see a killer bee, a gnoll and a friendly ice beast.

Vanquished Creatures
  Edmund (D:6)
  An ogre (D:6)
  Jessica (D:2)
  Natasha (thrice) (D:2)
  Robin (D:2)
  4 gnolls (D:3)
  3 adders
  An ooze (D:2)
  A worm (D:2)
  A dart slug (D:3)
  5 leopard geckos
  4 orcs (D:3)
  2 giant cockroaches
  17 goblins
  10 hobgoblins
  6 kobolds
  A quokka (D:3)
  5 bats
  6 frilled lizards
  8 rats
81 creatures vanquished.

Notes
Turn   | Place    | Note
-------+----------+-------------------------------------------
     0 | D:1      | JackS81 the Merfolk Ice Elementalist began the quest for the Orb.
     0 | D:1      | Reached XP level 1. HP: 13/13 MP: 3/3
    80 | D:1      | Reached XP level 2. HP: 16/19 MP: 1/5
    82 | D:1      | Reached skill level 4 in Ice Magic
    86 | D:1      | Learned a level 2 spell: Throw Frost
   703 | D:1      | Reached XP level 3. HP: 24/24 MP: 6/6
   852 | D:2      | Noticed Natasha
   861 | D:2      | Killed Natasha
   861 | D:2      | Reached skill level 5 in Ice Magic
   867 | D:2      | Gained mutation: Your system is resistant to poisons. (rPois) [potion of mutation]
   867 | D:2      | Gained mutation: Your natural rate of healing is unusually fast. [potion of mutation]
   876 | D:2      | Found a hazy altar of Hepliaklqana.
   958 | D:2      | Reached XP level 4. HP: 30/30 MP: 5/7
   977 | D:2      | Noticed Natasha
   978 | D:2      | Noticed Jessica
   988 | D:2      | Killed Jessica
   988 | D:2      | Reached skill level 1 in Conjurations
  1075 | D:2      | Noticed Robin
  1197 | D:2      | HP: 1/30 [hobgoblin/club[Robin] (9)]
  1217 | D:2      | Killed Robin
  1253 | D:2      | Found a faded altar of an unknown god.
  1291 | D:2      | Reached skill level 6 in Ice Magic
  1291 | D:2      | Reached XP level 5. HP: 32/35 MP: 6/8
  1297 | D:2      | Learned a level 4 spell: Summon Ice Beast
  1310 | D:2      | Killed Natasha
  1373 | D:2      | Noticed Natasha
  1418 | D:2      | Killed Natasha
  2227 | D:3      | Reached skill level 7 in Ice Magic
  2227 | D:3      | Reached XP level 6. HP: 41/41 MP: 7/9
  2914 | D:3      | You fall through a shaft for 3 floors!
  2918 | D:6      | Noticed Edmund
  3053 | D:6      | Reached skill level 1 in Summonings
  3168 | D:6      | Killed Edmund
  3168 | D:6      | Reached skill level 8 in Ice Magic
  3168 | D:6      | Reached XP level 7. HP: 27/46 MP: 1/10
  3202 | D:7      | Noticed Glitchraptor's ghost (novice MiFi)
  3229 | D:7      | Slain by a killer bee

Skill      XL: |  1  2  3  4  5  6 |
---------------+-------------------+-----
Ice Magic      | 4 5 6 7 8 |  8.2
Conjurations   | 1 |  1.1
Summonings     | 1 |  1.1
Dodging        | |  2.6
Stealth        | |  2.1
Spellcasting   | |  2.3

Action                   |  1- 3 |  4- 6 |  7- 9 || total
-------------------------+-------+-------+-------++-------
Melee: Mace              |    35 |    45 |       ||    80
       Whip              |       |    63 |     1 ||    64
 Fire: Hunting sling     |       |    36 |     1 ||    37
 Cast: Freeze            |    16 |    46 |     3 ||    65
       Throw Frost       |     3 |     9 |       ||    12
       Summon Ice Beast  |       |       |     2 ||     2
Evoke: Wand              |       |       |     2 ||     2
  Use: Potion            |     6 |       |     5 ||    11
       Scroll            |       |     1 |     1 ||     2
 Stab: Sleeping          |     7 |     2 |       ||     9
  Eat: Chunk             |     1 |     8 |     1 ||    10
Armor: Robe              |    12 |    16 |       ||    28
Dodge: Dodged            |    32 |   103 |     7 ||   142
